 Dungeon Crawl Stone Soup version 0.23.2-1-ga50397a (webtiles) character file.

Game seed: 12844700367191617982

4559 troglodite the Conjurer (level 10, -7/65 HPs)
             Began as an Octopode Conjurer on May 20, 2019.
             Was a Follower of Vehumet.
             Killed from afar by an orc wizard (13 damage)
             ... with a puff of flame
             ... on level 8 of the Dungeon.
             The game lasted 01:03:11 (12419 turns).

troglodite the Conjurer (Octopode Conjurer)        Turns: 12419, Time: 01:03:12

Health: -7/65      AC:  2    Str:  7    XL:     10   Next: 40%
Magic:  34/34      EV: 16    Int: 19    God:    Vehumet [*.....]
Gold:   343        SH:  0    Dex: 15    Spells: 5/21 levels left

rFire    . . .     SeeInvis .   D - staff of power
rCold    . . .     Gourm    .   (no shield)
rNeg     . . .     Faith    .   (helmet restricted)
rPois    .         Spirit   .   (no amulet)
rElec    .         Reflect  .   r - ring of flight
rCorr    .         Harm     .   f - +1 ring of protection
MR       .....                  (no ring)
Stlth    +++++.....             (no ring)
HPRegen  0.20/turn              (no ring)
MPRegen  0.24/turn              (no ring)
                                (no ring)
                                (no ring)

@: no status effects
A: almost no armour, stealthy swim, amphibious, 8 rings, constrict 8, camouflage
1, gelatinous body 1
a: Renounce Religion, Evoke Flight


You were on level 8 of the Dungeon.
You worshipped Vehumet.
Vehumet was aware of your devotion.
You were near starving.

You visited 2 branches of the dungeon, and saw 11 of its levels.
You also visited: Sewer.

You collected 343 gold pieces.

Inventory:

Hand Weapons
 k - a +0 dagger of venom
 o - a +0 falchion of electrocution
 p - a +0 mace of holy wrath
 q - a +2 short sword of speed
Magical Staves
 D - an uncursed staff of power (weapon)
Jewellery
 f - a +1 ring of protection (right tentacle)
 i - an uncursed ring of ice
 r - a ring of flight (left tentacle)
 u - an uncursed ring of protection from magic
Wands
 g - a wand of acid (11)
 m - a wand of flame (12)
 y - a wand of iceblast (17)
Scrolls
 d - 9 scrolls of remove curse
 e - a scroll of teleportation
 l - 4 scrolls of fog
 n - a scroll of blinking {unknown}
 v - 5 scrolls of identify
 C - a scroll of enchant weapon {unknown}
Potions
 a - 2 potions of might
 c - 3 potions of resistance
 h - a potion of berserk rage
 j - a potion of heal wounds {unknown}
 s - a potion of curing
 t - a potion of lignification {unknown}
 x - a potion of agility {unknown}
 z - 3 potions of flight
 A - a potion of brilliance {unknown}
Comestibles
 b - 17 rations
 B - 3 chunks of flesh


   Skills:
 * Level 4.3 Fighting
 * Level 3.9(5.2) Short Blades
 * Level 5.2(5.8) Long Blades
 * Level 0.3 Staves
 * Level 5.0 Dodging
 * Level 7.0 Stealth
 * Level 6.4 Spellcasting
 * Level 7.7 Conjurations
 * Level 2.3 Hexes
 * Level 3.6 Translocations


You had 5 spell levels left.
You knew the following spells:

 Your Spells              Type           Power        Failure   Level  Hunger
a - Magic Dart            Conj           ####         1%          1    None
b - Searing Ray           Conj           #####.       1%          2    None
c - Iskenderun's Mystic   Conj           #####...     4%          4    ####...
d - Force Lance           Conj/Tloc      ####....     10%         4    ####...
e - Fulminant Prism       Conj/Hex       ####......   14%         4    ####...
f - Freeze                Ice            #...         11%         1    None

Your spell library contained the following spells:

 Spells                   Type           Power        Failure   Level  Hunger
 Dazzling Spray           Conj/Hex       ####..       4%          3    ##.....


Dungeon Overview and Level Annotations

Branches:
Dungeon (10/15)            Temple (1/1) D:5             Orc (0/2) D:9
   Lair: D:8-11

Altars:
Cheibriados
Dithmenos
Elyvilon
Fedhas
Hepliaklqana
Kikubaaqudgha
Makhleb
Nemelex Xobeh
Okawaru
Qazlal
Ru
Sif Muna
Trog
Uskayaw
Vehumet
Wu Jian
Xom
Yredelemnul
Zin
The Shining One

Annotations:
D:6 2 runed translucent doors, Stil's ghost, novice OpTm


Innate Abilities, Weirdness & Mutations

You cannot wear most types of armour.
You are very stealthy in the water. (Stealth+)
You are amphibious.
You can wear up to eight rings at the same time.
You can use your tentacles to constrict eight enemies at once.
Your skin changes colour to match your surroundings (Stealth+).
Your rubbery body absorbs attacks. (AC +1, EV +1)


Message History

You hit something but do no damage.
Something hits you but does no damage. x2
You miss something. Something hits you.
* * * LOW HITPOINT WARNING * * *
You barely miss something.
You hear some strange, mumbled words.
A magic dart appears from out of thin air!
The magic dart hits you!
* * * LOW HITPOINT WARNING * * *
You hear some strange, mumbled words.
A puff of flame appears from out of thin air!
The puff of flame misses you.
You closely miss something. Your squeeze misses something. Something hits you.
* * * LOW HITPOINT WARNING * * *
Unknown command.
You hit something but do no damage. Something hits you.
* * * LOW HITPOINT WARNING * * *
You hear some strange, mumbled words.
A puff of flame appears from out of thin air!
The puff of flame hits you!
You die...

#......#.....##
##.....)........##
.................#
.............[...####
................รท...#
.................##.####
!................##....#
..<.............######..
.......@{......## ##.
........#.###### #.
........#)# #.
##.######.# ## # #))#
#.## #. # .. ## #.# ##.


There were no monsters in sight!

Vanquished Creatures
  Pikel (D:6)
  A hornet (D:10)
  A hippogriff (D:7)
  2 yaks (D:9)
  Eustachio (D:6)
  Menkaure (D:6)
  2 hell hounds (D:10)
  An orc warrior (D:6)
  2 ice beasts
  3 ogres
  A centaur (D:10)
  A crocodile (D:8)
  5 bullfrogs
  A wyvern zombie (D:9)
  A water moccasin skeleton (D:8)
  2 scorpions
  4 killer bees (D:7)
  5 wights (D:6)
  2 howler monkeys
  5 crimson imps
  2 bullfrog zombies
  2 hounds
  3 orc priests
  Crazy Yiuf (D:2)
  8 orc wizards
  A bullfrog skeleton (D:5)
  3 iguanas
  8 worker ants
  2 hound skeletons
  Robin (D:2)
  15 adders
  2 shadow imps
  8 oozes
  15 leopard geckos
  25 orcs
  10 ball pythons
  2 bat zombies (D:5)
  15 giant cockroaches
  12 goblins
  6 hobgoblins
  5 jackals
  5 quokkas
  12 bats
  14 frilled lizards
  A jackal skeleton (D:6)
  A jackal zombie (D:5)
  6 kobolds
  2 quokka zombies
  9 rats
  A rat zombie (D:5)
239 creatures vanquished.

Vanquished Creatures (others)
  4 slaves (D:6)
  A fungus (D:2)
5 creatures vanquished.

Grand Total: 244 creatures vanquished

Notes
Turn   | Place    | Note
-------+----------+-------------------------------------------
     0 | D:1      | troglodite the Octopode Conjurer began the quest for the
                  | Orb.
     0 | D:1      | Reached XP level 1. HP: 11/11 MP: 3/3
    50 | D:1      | Reached XP level 2. HP: 10/17 MP: 0/5
   386 | D:1      | Learned a level 2 spell: Searing Ray
   655 | D:1      | Reached XP level 3. HP: 22/22 MP: 4/6
   921 | D:2      | Noticed Robin
  1299 | D:2      | Found a shimmering altar of Xom.
  1303 | D:2      | Found a faded altar of an unknown god.
  1315 | D:2      | Reached XP level 4. HP: 22/27 MP: 2/7
  1619 | D:2      | Reached skill level 1 in Fighting
  1793 | D:2      | Reached skill level 1 in Short Blades
  1987 | D:2      | Killed Robin
  2017 | D:2      | Reached XP level 5. HP: 21/33 MP: 1/8
  2102 | D:2      | Learned a level 4 spell: Iskenderun's Mystic Blast
  2229 | D:2      | Found a runed translucent door.
  2230 | D:2      | Noticed Crazy Yiuf
  2238 | D:2      | Killed Crazy Yiuf
  2706 | D:3      | Found a burning altar of Makhleb.
  2773 | D:3      | Found a glowing drain.
  2854 | Sewer    | Entered a sewer
  3054 | Sewer    | Reached skill level 1 in Long Blades
  3107 | Sewer    | Reached XP level 6. HP: 37/39 MP: 4/10
  3194 | Sewer    | Reached skill level 5 in Conjurations
  3672 | Sewer    | Reached XP level 7. HP: 24/45 MP: 3/12
  4070 | D:3      | Found a stormy altar of Qazlal.
  4364 | D:4      | Learned a level 4 spell: Force Lance
  4451 | D:4      | Found a sacrificial altar of Ru.
  5162 | D:5      | Entered Level 5 of the Dungeon
  5173 | D:5      | HP: 2/45 [ice beast (12)]
  5775 | D:5      | Reached skill level 1 in Translocations
  6048 | D:5      | Reached skill level 5 in Stealth
  6048 | D:5      | Reached XP level 8. HP: 51/51 MP: 5/14
  6220 | D:5      | Found an ancient bone altar of Kikubaaqudgha.
  6343 | D:5      | Found a staircase to the Ecumenical Temple.
  6380 | Temple   | Entered the Ecumenical Temple
  6532 | Temple   | Became a worshipper of Vehumet
  6670 | D:6      | Found a sparkling altar of Nemelex Xobeh.
  7000 | D:6      | Learned a level 4 spell: Fulminant Prism
  7452 | D:6      | Noticed Pikel
  7462 | D:6      | Noticed Eustachio
  7465 | D:6      | Killed Pikel
  7465 | D:6      | Reached skill level 5 in Spellcasting
  7465 | D:6      | Reached XP level 9. HP: 35/57 MP: 2/16
  7499 | D:6      | Noticed Menkaure
  7599 | D:6      | Found a deep blue altar of Sif Muna.
  7686 | D:6      | Killed Menkaure
  8040 | D:6      | Found a large runed translucent door.
  8040 | D:6      | Found a large runed translucent door.
  8047 | D:6      | Noticed Stil's ghost (novice OpTm)
  9128 | D:6      | Killed Eustachio
  9412 | D:7      | Reached * piety under Vehumet
  9412 | D:7      | Offered knowledge of Freeze by Vehumet.
  9418 | D:7      | Learned a level 1 spell: Freeze
  9452 | D:7      | Reached skill level 1 in Hexes
  9796 | D:7      | You fall through a shaft for 3 floors!
  9796 | D:10     | Entered Level 10 of the Dungeon
 10269 | D:9      | Reached skill level 5 in Long Blades
 10269 | D:9      | Reached XP level 10. HP: 63/63 MP: 3/19
 10404 | D:9      | Found a staircase to the Orcish Mines.
 11988 | D:9      | Reached skill level 5 in Dodging
 12419 | D:8      | Killed from afar by an orc wizard

Skill      XL: |  1  2  3  4  5  6  7  8  9 10 |
---------------+-------------------------------+-----
Stealth        | 3 4 5 6 7 |  7.0
Fighting       | 1 2 3 4 |  4.3
Short Blades   | 1 2 3 |  3.9
Long Blades    | 1 2 3 4 5 |  5.2
Conjurations   | 5 6 7 |  7.7
Spellcasting   | 3 4 5 6 |  6.4
Dodging        | 3 4 5 |  5.0
Translocations | 1 2 3 |  3.6
Hexes          | 1 2 |  2.3
Staves         | |  0.3

Action                   |  1- 3 |  4- 6 |  7- 9 | 10-12 || total
-------------------------+-------+-------+-------+-------++-------
Melee: Unarmed           |     5 |       |       |       ||     5
       Dagger            |    15 |    37 |       |       ||    52
       Constrict         |     4 |    25 |    33 |    15 ||    77
       Tentacles         |       |    16 |    33 |    14 ||    63
       Falchion          |       |    41 |    56 |       ||    97
       Short sword       |       |       |    73 |    39 ||   112
       Staff             |       |       |       |    30 ||    30
 Cast: Magic Dart        |    44 |    92 |   129 |     5 ||   270
       Searing Ray       |     2 |     3 |    13 |     6 ||    24
       Iskenderun's Myst |       |       |    44 |    43 ||    87
  Use: Potion            |     1 |     3 |     1 |     2 ||     7
       Scroll            |       |     6 |     5 |     3 ||    14
 Stab: Sleeping          |     2 |     2 |     3 |       ||     7
       Distracted        |     1 |       |     1 |       ||     2
  Eat: Chunk             |     2 |     7 |    16 |     3 ||    28
       Ration            |       |       |     4 |     2 ||     6
Armor: Skin              |     1 |     7 |    16 |     7 ||    31
Dodge: Dodged            |    28 |    66 |   147 |    44 ||   285
       Rpst.: Falchion   |       |    16 |    29 |       ||    45
